 Dungeon Crawl Stone Soup version 0.17.2 (webtiles) character file.

881 Goblin1989 the Poker (level 7, 0/50 HPs)
             Began as a Demonspawn Gladiator on June 27, 2016.
             Was a Believer of Okawaru.
             Succumbed to a worker ant's poison
             ... on level 5 of the Dungeon.
             The game lasted 00:13:58 (4691 turns).

Goblin1989 the Poker (Demonspawn Gladiator)         Turns: 4691, Time: 00:13:58

Health: 0/50       AC: 18    Str: 18    XL:     7   Next: 75%
Magic:  9/11       EV: 10    Int:  7    God:    Okawaru [**....]
Gold:   147        SH:  0    Dex: 11    Spells: 0 memorised, 6 levels left

rFire  + + +     SeeInvis .     a - +1 trident
rCold  + . .     Clarity  .     g - +0 chain mail
rNeg   . . .     SustAt   .     (no shield)
rPois  .         Gourm    .     c - +0 helmet
rElec  .         Spirit   .     (no cloak)
rCorr  .         Warding  .     t - +1 pair of gloves
rMut   .         Stasis   .     (no boots)
MR     +....                    (no amulet)
Stlth  ..........               f - ring of protection from fire {rF+, !d}
                                p - +3 ring of protection

@: lethally poisoned (0 -> -3), heroism, flying, somewhat resistant to hostile
enchantments, extremely unstealthy
A: hooves 1, slimy green scales 1, clumsy 1, cold resistance 1, dopey 1, fire
resistance 2, magic resistance 1, wild magic 2, no device heal 1, flame cloud
immunity, MP-powered wands
a: Heroism, Renounce Religion


You were on level 5 of the Dungeon.
You worshipped Okawaru.
Okawaru was pleased with you.
You were not hungry.

You visited 1 branch of the dungeon, and saw 5 of its levels.

You collected 255 gold pieces.
You spent 108 gold pieces at shops.

Inventory:

Hand Weapons
 a - a +1 trident (weapon)
Missiles
 b - 6 needles of slowing
 i - 2 throwing nets (quivered) {=f, !d}
 x - 10 poisoned needles
Armour
 c - a +0 helmet (worn)
 g - a +0 chain mail (worn)
 t - a +1 pair of gloves (worn)
Jewellery
 f - a ring of protection from fire (right hand) {rF+, !d}
 m - an uncursed ring of protection from fire {rF+, !d}
 p - a +3 ring of protection (left hand)
 s - an uncursed ring of sustain attributes
 E - an uncursed ring of protection from fire {rF+, !d}
Wands
 l - a wand of digging (7)
 u - a wand of confusion (14)
 A - a wand of random effects (20)
 F - a wand of enslavement (12)
Scrolls
 d - 5 scrolls of identify
 j - 2 scrolls of immolation {unknown}
 k - 3 scrolls of fear {unknown}
 n - 2 scrolls of amnesia {unknown}
 q - a scroll of noise {unknown}
 r - a scroll of enchant weapon
 v - 2 scrolls of random uselessness
 B - a scroll of fog {unknown}
 C - a scroll of recharging {unknown}
Potions
 o - a potion of agility
Comestibles
 e - 4 bread rations
 h - 3 meat rations
 w - a beef jerky
 z - 4 fruits


   Skills:
 - Level 2.0(7.0) Fighting
 * Level 7.4(12.4) Polearms
 - Level 1.7(6.7) Throwing
 - Level 2.6(7.6) Dodging
 + Level 5.8 Invocations


You had 6 spell levels left.
You didn't know any spells.

Dungeon Overview and Level Annotations

Branches:
Dungeon (5/15)
 Temple: D:4-7

Altars:
Nemelex Xobeh
Okawaru
Sif Muna
Trog
Zin

Shops:
D:4 ***}%


Innate Abilities, Weirdness & Mutations

You have large cloven feet.
You are partially covered in slimy green scales (AC +2).
Your flesh is very heat resistant.
You are immune to clouds of flame.
You are clumsy. (Dex -2)
Your flesh is cold resistant.
You are dopey. (Int -2)
You are resistant to hostile enchantments.
Your spells are harder to cast, but more powerful.
Potions and wands are less effective at restoring your health.
You expend magic power (3 MP) to strengthen your wands.


Message History

You puncture the worker ant!
You kill the worker ant!
Okawaru accepts your kill.
Unknown command.
Read which item? (? for menu, Esc to quit)
As you read the scroll labeled DOUBEM IJAWK, it crumbles to dust.
You experience a momentary feeling of inescapable doom!
It was a scroll of random uselessness.
* * * LOW HITPOINT WARNING * * *
You feel sick.
You take 1 damage, and have 1/50 hp.
Read which item? (? for menu, Esc to quit)
As you read the scroll labeled IZIDIP TOIGRUL, it crumbles to dust.
You feel blessed for a moment.
It was a scroll of remove curse.
Read which item? (? for menu, Esc to quit)
As you read the scroll labeled KISIZX XIFICOI, it crumbles to dust.
It is a scroll of enchant weapon.
Enchant which weapon? (? for menu, Esc to quit)
Your +0 trident glows red for a moment.
You die...

#.## ##..# #...#
#...### #.....#
#...#.# ####.....#
#..#...#.###
#..#.....@.#
#.......#....#
##.......##......
####....#..#.#....
###.....#....# .
...
#.........##..#..
.. #.........# ..
.. . ###.....###
... ###....#


There were no monsters in sight!

Vanquished Creatures
  Eustachio (D:4)
  An ice beast (D:5)
  A sky beast (D:5)
  An ogre (D:4)
  A scorpion (D:3)
  An orc priest (D:3)
  A quasit (D:3)
  3 orc wizards
  Ijyb (D:2)
  A giant frog skeleton (D:4)
  2 worker ants
  A hound zombie (D:5)
  A hound skeleton (D:4)
  6 adders
  2 oozes
  2 worms
  A giant gecko (D:4)
  4 orcs (D:4)
  11 bats
  4 giant cockroaches
  7 hobgoblins
  8 jackals
  2 quokkas (D:2)
  3 ball pythons
  A giant gecko skeleton (D:5)
  5 giant newts
  9 goblins
  5 kobolds
  2 quokka skeletons
  6 rats
94 creatures vanquished.

Notes
Turn   | Place    | Note
--------------------------------------------------------------
     0 | D:1      | Goblin1989 the Demonspawn Gladiator began the quest for the Orb.
     0 | D:1      | Reached XP level 1. HP: 16/16 MP: 1/1
   194 | D:1      | Reached skill level 3 in Polearms
   245 | D:1      | Gained mutation: Your flesh is heat resistant. [demonic ancestry]
   245 | D:1      | Reached XP level 2. HP: 22/22 MP: 2/2
   923 | D:2      | Gained mutation: You are partially covered in slimy green scales (AC +2). [demonic ancestry]
   923 | D:2      | Reached XP level 3. HP: 27/27 MP: 3/3
   987 | D:2      | Reached skill level 4 in Polearms
  1104 | D:2      | Noticed Ijyb
  1209 | D:2      | Killed Ijyb
  1209 | D:2      | Gained mutation: You have large cloven feet. [demonic ancestry]
  1209 | D:2      | Reached XP level 4. HP: 24/33 MP: 4/4
  1286 | D:2      | Found a faded altar to an unknown god.
  1324 | D:2      | Became a worshipper of Warmaster Okawaru
  1324 | D:2      | Reached * piety under Okawaru
  1490 | D:3      | Reached skill level 1 in Invocations
  1552 | D:3      | Reached skill level 5 in Polearms
  1552 | D:3      | Gained mutation: You are immune to clouds of flame. [demonic ancestry]
  1552 | D:3      | Reached XP level 5. HP: 20/38 MP: 3/6
  1795 | D:3      | Found a bloodstained altar of Trog.
  2348 | D:3      | Found a deep blue altar of Sif Muna.
  2429 | D:4      | Found Atadyne's Assorted Antiques.
  2868 | D:3      | Reached XP level 6. HP: 34/44 MP: 8/8
  2985 | D:4      | Bought 2 fuming blue potions for 39 gold pieces
  2985 | D:4      | Gained mutation: Your spells are a little harder to cast, but a little more powerful. [potion of mutation]
  2985 | D:4      | Gained mutation: Your flesh is very heat resistant. [potion of mutation]
  2985 | D:4      | Gained mutation: Your flesh is cold resistant. [potion of mutation]
  2986 | D:4      | Gained mutation: You are resistant to hostile enchantments. [potion of mutation]
  2986 | D:4      | Gained mutation: You are clumsy. (Dex -2) [potion of mutation]
  2986 | D:4      | Gained mutation: Your spells are harder to cast, but more powerful. [potion of mutation]
  3007 | D:4      | Found Buth's Assorted Antiques.
  3010 | D:4      | Found Deicon's General Store.
  3045 | D:4      | Reached skill level 6 in Polearms
  3058 | D:4      | Bought a scroll labeled WUAGRYEK SAXT for 23 gold pieces
  3058 | D:4      | Bought a scroll labeled NYNIZX GARUXKI for 23 gold pieces
  3058 | D:4      | Bought a scroll labeled DOUBEM IJAWK for 23 gold pieces
  3086 | D:4      | Found Gimmah's Food Boutique.
  3276 | D:4      | Noticed an ogre
  3288 | D:4      | Killed an ogre
  3324 | D:4      | Gained mutation: You expend magic power (3 MP) to strengthen your wands. [potion of mutation]
  3324 | D:4      | Gained mutation: You are dopey. (Int -2) [potion of mutation]
  3324 | D:4      | Gained mutation: Potions and wands are less effective at restoring your health. [potion of mutation]
  3414 | D:4      | Noticed Eustachio
  3544 | D:4      | Killed Eustachio
  3544 | D:4      | Reached ** piety under Okawaru
  3544 | D:4      | Reached XP level 7. HP: 31/50 MP: 10/10
  3690 | D:4      | Found Icso's Gadget Shoppe.
  3864 | D:4      | Found a sparkling altar of Nemelex Xobeh.
  4295 | D:4      | Found a glowing silver altar of Zin.
  4343 | D:4      | Reached skill level 5 in Invocations
  4436 | D:5      | Entered Level 5 of the Dungeon
  4605 | D:5      | Reached skill level 7 in Polearms
  4686 | D:5      | HP: 2/50 [worker ant (6)]
  4691 | D:5      | Succumbed to a worker ant's poison

Action                   |  1- 3 |  4- 6 |  7- 9 || total
-------------------------+-------+-------+-------++-------
Melee: Trident           |   164 |   369 |   114 ||   647
Throw: Throwing net      |     3 |     1 |       ||     4
Invok: Heroism           |       |     3 |     1 ||     4
Evoke: Wand              |     1 |     1 |       ||     2
  Use: Potion            |       |     6 |     1 ||     7
       Scroll            |       |     1 |     3 ||     4
  Eat: Chunk             |     1 |     6 |     4 ||    11
       Royal jelly       |       |       |     1 ||     1
